2074 views
Uploaded 2024-09-12 16:59:23
Game version 1.36 (6115)
32:39 long 3on3 ladder game on (6)ThunderLake_LV
Saved by GIGA
2074 views
Uploaded 2024-09-12 16:59:23
Game version 1.36 (6115)
32:39 long 3on3 ladder game on (6)ThunderLake_LV


158 units @ 20.2k
/ 3.5k
79 buildings @ 11.4k
/ 6.1k


| Lesser Clarity Potion | 1 | 70 |
| Healing Salve | 3 | 300 |
| Orb of Lightning | 1 | 375 |
| Tiny Great Hall | 1 | 600 |
| total: | 6 | 1345g |
| Peon | 16 | 1200 | / | 0 |
| Grunt | 3 | 600 | / | 0 |
| Shaman | 5 | 650 | / | 100 |
| Troll Witch Doctor | 3 | 435 | / | 75 |
| Troll Batrider | 7 | 1120 | / | 280 |
| total: | 34 | 4005g | / | 455w |
| Watch Tower | 10 | 1100 | / | 800 |
| Altar of Storms | 1 | 180 | / | 50 |
| Orc Burrow | 6 | 960 | / | 240 |
| Barracks | 1 | 180 | / | 50 |
| Voodoo Lounge | 1 | 130 | / | 30 |
| War Mill | 1 | 205 | / | 0 |
| Spirit Lodge | 2 | 300 | / | 300 |
| Beastiary | 4 | 580 | / | 560 |
| Stronghold | 1 | 315 | / | 190 |
| Fortress | 1 | 325 | / | 190 |
| total: | 26 | 3635g | / | 2030w |
| 0:02 | Peon |
| 0:02 | Peon |
| 0:08 | Altar of Storms |
| 0:15 | Orc Burrow |
| 0:25 | Peon |
| 0:42 | Barracks |
| 0:52 | Peon |
| 1:10 | Voodoo Lounge |
| 1:17 | Peon |
| 1:24 | Peon |
| 1:45 | Grunt |
| 2:00 | Orc Burrow |
| 2:16 | Grunt |
| 2:24 | Feral Spirit |
| 2:51 | Peon |
| 2:52 | Peon |
| 2:58 | Grunt |
| 3:17 | Lesser Clarity Potion |
| 3:24 | Peon |
| 4:14 | Chain Lighting |
| 4:19 | Stronghold |
| 4:24 | Orc Burrow |
| 4:31 | Healing Salve |
| 4:51 | War Mill |
| 6:09 | Healing Salve |
| 6:54 | Spirit Lodge |
| 6:56 | Spirit Lodge |
| 6:59 | Fortress |
| 7:12 | Healing Salve |
| 7:22 | Feral Spirit |
| 7:40 | Reinforced Defenses |
| 7:59 | War Stomp |
| 8:08 | Orc Burrow |
| 8:17 | Shaman |
| 8:49 | Shaman |
| 8:51 | Shaman Adept Training |
| 9:24 | Orb of Lightning |
| 9:29 | Tiny Great Hall |
| 9:58 | Troll Witch Doctor |
| 10:29 | Watch Tower |
| 10:32 | Shaman Master Training |
| 10:37 | Shaman |
| 10:43 | Watch Tower |
| 12:00 | Shaman |
| 12:04 | Peon |
| 12:04 | Peon |
| 12:04 | Peon |
| 12:04 | Peon |
| 12:04 | Peon |
| 12:11 | Watch Tower |
| 12:16 | Watch Tower |
| 13:00 | Beastiary |
| 13:02 | Beastiary |
| 13:56 | Shaman |
| 14:20 | Witch Doctor Adept Training |
| 14:31 | Watch Tower |
| 14:34 | Troll Batrider |
| 15:01 | Orc Burrow |
| 15:06 | Peon |
| 15:06 | Peon |
| 16:05 | Beastiary |
| 16:51 | Beastiary |
| 17:02 | Watch Tower |
| 17:11 | Troll Batrider |
| 17:19 | Steel Ranged Weapons |
| 18:33 | Troll Batrider |
| 18:34 | Troll Batrider |
| 18:38 | Orc Burrow |
| 18:41 | Watch Tower |
| 19:03 | Troll Witch Doctor |
| 19:04 | Troll Witch Doctor |
| 19:33 | Troll Batrider |
| 21:44 | Troll Batrider |
| 21:44 | Troll Batrider |
| 21:51 | Watch Tower |
| 21:55 | Watch Tower |
| 22:01 | Watch Tower |
| 22:20 | Endurance Aura |
| Right click | 1421 |
| Select group | 848 |
| Select | 306 |
| Build/train/purchase | 113 |
| Use ability | 52 |
| Assign group | 26 |
| Misc. action | 6 |
| Minimap ping | 2 |
| Remove unit | 1 |



| Staff of Preservation | 3 | 450 |
| Potion of Healing | 2 | 300 |
| Orb of Venom | 2 | 650 |
| Dust of Appearance | 1 | 75 |
| Scroll of Town Portal | 1 | 350 |
| Staff of Teleportation | 1 | 150 |
| Boots of Speed | 1 | 250 |
| Potion of Lesser Invulnerability | 1 | 150 |
| Potion of Greater Healing | 1 | 400 |
| Potion of Invulnerability | 1 | 400 |
| total: | 14 | 3175g |
| Wisp | 25 | 1500 | / | 0 |
| Archer | 8 | 1040 | / | 80 |
| Dryad | 2 | 290 | / | 120 |
| Druid of the Claw | 2 | 510 | / | 160 |
| Chimaera | 4 | 1320 | / | 280 |
| Goblin Zeppelin | 2 | 480 | / | 120 |
| Goblin Shredder | 8 | 3000 | / | 800 |
| Centaur Archer | 4 | 600 | / | 40 |
| Centaur Outrunner | 2 | 390 | / | 0 |
| Troll Batrider | 1 | 160 | / | 40 |
| total: | 58 | 9290g | / | 1640w |
| Ancient Protector | 5 | 675 | / | 400 |
| Altar of Elders | 1 | 180 | / | 50 |
| Moon Well | 10 | 1800 | / | 400 |
| Ancient of War | 1 | 150 | / | 60 |
| Ancient of Wonders | 1 | 90 | / | 30 |
| Hunter's Hall | 1 | 210 | / | 100 |
| Tree of Life | 1 | 340 | / | 185 |
| Ancient of Lore | 2 | 310 | / | 290 |
| Chimaera Roost | 5 | 700 | / | 950 |
| Tree of Ages | 1 | 320 | / | 180 |
| Tree of Eternity | 1 | 330 | / | 200 |
| total: | 27 | 4455g | / | 2465w |
| 0:01 | Wisp |
| 0:07 | Altar of Elders |
| 0:10 | Wisp |
| 0:17 | Moon Well |
| 0:31 | Ancient of War |
| 0:33 | Wisp |
| 0:41 | Wisp |
| 0:47 | Wisp |
| 1:06 | Wisp |
| 1:13 | Wisp |
| 1:27 | Moon Well |
| 1:32 | Archer |
| 1:35 | Wisp |
| 1:35 | Wisp |
| 1:35 | Wisp |
| 1:35 | Wisp |
| 1:35 | Wisp |
| 1:35 | Wisp |
| 1:35 | Wisp |
| 1:51 | Ancient of Wonders |
| 1:57 | Archer |
| 1:57 | Archer |
| 1:57 | Archer |
| 1:57 | Archer |
| 1:57 | Archer |
| 1:57 | Archer |
| 2:12 | Immolation |
| 2:24 | Archer |
| 2:25 | Wisp |
| 3:37 | Centaur Archer |
| 3:42 | Wisp |
| 3:42 | Wisp |
| 3:44 | Moon Well |
| 3:46 | Hunter's Hall |
| 3:57 | Mana Burn |
| 4:29 | Centaur Outrunner |
| 4:46 | Tree of Ages |
| 5:02 | Mana Burn |
| 5:16 | Ancient Protector |
| 5:20 | Moon Well |
| 5:51 | Staff of Teleportation |
| 5:52 | Boots of Speed |
| 5:56 | Dust of Appearance |
| 6:15 | Reinforced Hides |
| 6:54 | Centaur Archer |
| 7:07 | Staff of Preservation |
| 7:10 | Ancient of Lore |
| 7:21 | Ancient of Lore |
| 8:02 | Immolation |
| 8:18 | Entangling Roots |
| 9:06 | Centaur Outrunner |
| 9:06 | Centaur Archer |
| 9:08 | Abolish Magic |
| 9:08 | Dryad |
| 9:09 | Tree of Eternity |
| 9:29 | Goblin Zeppelin |
| 9:48 | Potion of Healing |
| 9:48 | Potion of Healing |
| 9:54 | Staff of Preservation |
| 10:48 | Druid of the Claw Adept Training |
| 10:49 | Druid of the Claw |
| 10:57 | Moon Well |
| 11:45 | Force of Nature |
| 12:03 | Druid of the Claw Master Training |
| 12:03 | Druid of the Claw |
| 12:06 | Centaur Archer |
| 13:31 | Mark of the Claw |
| 13:31 | Dryad |
| 13:41 | Goblin Shredder |
| 13:41 | Goblin Shredder |
| 13:41 | Goblin Shredder |
| 13:41 | Goblin Shredder |
| 13:41 | Goblin Shredder |
| 13:41 | Goblin Shredder |
| 13:41 | Goblin Shredder |
| 13:41 | Goblin Shredder |
| 14:38 | Orb of Venom |
| 14:55 | Nature's Blessing |
| 15:43 | Moon Well |
| 16:24 | Breath of Fire |
| 16:40 | Orb of Venom |
| 17:55 | Entangling Roots |
| 18:04 | Staff of Preservation |
| 18:24 | Potion of Greater Healing |
| 18:44 | Improved Reinforced Hides |
| 18:44 | Strength of the Wild |
| 18:51 | Moon Well |
| 19:05 | Drunken Brawler |
| 19:27 | Moon Well |
| 20:08 | Advanced Reinforced Hides |
| 20:09 | Well Spring |
| 20:40 | Mana Burn |
| 21:05 | Tree of Life |
| 21:46 | Breath of Fire |
| 22:37 | Force of Nature |
| 22:47 | Potion of Lesser Invulnerability |
| 23:01 | Wisp |
| 23:01 | Wisp |
| 23:01 | Wisp |
| 23:01 | Wisp |
| 23:02 | Wisp |
| 23:34 | Goblin Zeppelin |
| 23:46 | Ancient Protector |
| 23:47 | Wisp |
| 23:47 | Wisp |
| 23:54 | Ancient Protector |
| 24:28 | Improved Strength of the Wild |
| 24:38 | Wisp |
| 26:19 | Chimaera Roost |
| 26:19 | Chimaera Roost |
| 26:20 | Chimaera Roost |
| 26:21 | Chimaera Roost |
| 26:22 | Chimaera Roost |
| 26:34 | Scroll of Town Portal |
| 27:15 | Advanced Strength of the Wild |
| 27:16 | Ultravision |
| 27:42 | Corrosive Breath |
| 27:43 | Chimaera |
| 27:47 | Moon Well |
| 28:18 | Troll Batrider |
| 28:41 | Chimaera |
| 29:06 | Potion of Invulnerability |
| 29:13 | Ancient Protector |
| 30:09 | Moon Well |
| 30:55 | Chimaera |
| 31:48 | Chimaera |
| 32:03 | Ancient Protector |
| Right click | 1562 |
| Select group | 1359 |
| Select | 633 |
| Misc. action | 177 |
| Use ability | 145 |
| Build/train/purchase | 143 |
| Assign group | 58 |
| Item give/drop | 23 |
| Resource trade | 10 |



| Scroll of Regeneration | 1 | 100 |
| Lesser Clarity Potion | 2 | 140 |
| Potion of Mana | 1 | 200 |
| Staff of Sanctuary | 1 | 250 |
| Potion of Healing | 2 | 300 |
| Scroll of Town Portal | 1 | 350 |
| total: | 8 | 1340g |
| Peasant | 23 | 1725 | / | 0 |
| Footman | 3 | 405 | / | 0 |
| Flying Machine | 32 | 3200 | / | 960 |
| Knight | 3 | 735 | / | 180 |
| Mortar Team | 4 | 720 | / | 280 |
| Priest | 1 | 135 | / | 10 |
| total: | 66 | 6920g | / | 1430w |
| Scout Tower | 2 | 60 | / | 40 |
| Arcane Tower | 2 | 140 | / | 100 |
| Altar of Kings | 1 | 180 | / | 50 |
| Farm | 11 | 880 | / | 220 |
| Barracks | 2 | 320 | / | 120 |
| Lumber Mill | 1 | 120 | / | 0 |
| Town Hall | 2 | 770 | / | 410 |
| Arcane Vault | 1 | 130 | / | 30 |
| Blacksmith | 1 | 140 | / | 60 |
| Workshop | 4 | 560 | / | 560 |
| Arcane Sanctum | 1 | 150 | / | 140 |
| Keep | 1 | 320 | / | 210 |
| Castle | 2 | 720 | / | 420 |
| total: | 26 | 3310g | / | 1630w |
| 0:03 | Peasant |
| 0:03 | Peasant |
| 0:06 | Altar of Kings |
| 0:10 | Farm |
| 0:14 | Peasant |
| 0:14 | Peasant |
| 0:35 | Barracks |
| 0:41 | Peasant |
| 1:01 | Farm |
| 1:04 | Peasant |
| 1:04 | Peasant |
| 1:10 | Peasant |
| 1:26 | Peasant |
| 1:32 | Scout Tower |
| 1:37 | Footman |
| 1:38 | Footman |
| 1:43 | Peasant |
| 1:52 | Summon Water Elemental |
| 1:58 | Footman |
| 2:08 | Peasant |
| 2:10 | Farm |
| 2:17 | Arcane Tower |
| 2:30 | Brilliance Aura |
| 2:33 | Peasant |
| 2:40 | Lumber Mill |
| 2:50 | Peasant |
| 2:56 | Peasant |
| 3:12 | Peasant |
| 3:12 | Peasant |
| 3:12 | Peasant |
| 3:36 | Town Hall |
| 3:42 | Scout Tower |
| 3:48 | Peasant |
| 3:58 | Peasant |
| 4:11 | Arcane Tower |
| 4:51 | Keep |
| 4:56 | Improved Lumber Harvesting |
| 5:04 | Arcane Vault |
| 5:10 | Blacksmith |
| 5:27 | Peasant |
| 5:27 | Peasant |
| 5:31 | Peasant |
| 5:31 | Peasant |
| 6:12 | Scroll of Regeneration |
| 6:26 | Iron Plating |
| 6:29 | Farm |
| 6:31 | Farm |
| 7:12 | Castle |
| 7:17 | Advanced Lumber Harvesting |
| 7:19 | Workshop |
| 7:23 | Barracks |
| 7:29 | Workshop |
| 7:38 | Farm |
| 8:10 | Steel Plating |
| 8:13 | Holy Light |
| 8:18 | Scroll of Town Portal |
| 8:27 | Flying Machine |
| 8:34 | Flying Machine |
| 8:50 | Flak Cannons |
| 8:53 | Flying Machine |
| 9:38 | Animal War Training |
| 9:41 | Sundering Blades |
| 10:01 | Knight |
| 10:17 | Knight |
| 10:19 | Farm |
| 10:22 | Farm |
| 10:46 | Lesser Clarity Potion |
| 10:46 | Potion of Mana |
| 10:47 | Staff of Sanctuary |
| 10:47 | Potion of Healing |
| 10:49 | Lesser Clarity Potion |
| 10:51 | Potion of Healing |
| 10:55 | Storm Bolt |
| 11:01 | Knight |
| 11:05 | Arcane Sanctum |
| 11:11 | Iron Forged Swords |
| 11:23 | Flying Machine |
| 11:36 | Flying Machine |
| 11:38 | Flying Machine |
| 11:55 | Fragmentation Shards |
| 11:57 | Mortar Team |
| 12:10 | Farm |
| 12:46 | Black Gunpowder |
| 12:48 | Mortar Team |
| 13:38 | Mithril Plating |
| 14:52 | Flying Machine |
| 15:10 | Flying Machine |
| 15:10 | Flying Machine |
| 15:10 | Flying Machine |
| 15:10 | Flying Machine |
| 15:37 | Flying Machine |
| 15:37 | Flying Machine |
| 15:37 | Flying Machine |
| 15:37 | Flying Machine |
| 15:37 | Flying Machine |
| 15:58 | Flying Machine |
| 15:58 | Flying Machine |
| 16:00 | Workshop |
| 16:04 | Workshop |
| 16:38 | Flying Machine |
| 16:38 | Flying Machine |
| 16:38 | Flying Machine |
| 16:38 | Flying Machine |
| 16:49 | Blizzard |
| 17:00 | Flying Machine |
| 17:00 | Flying Machine |
| 17:00 | Flying Machine |
| 17:30 | Divine Shield |
| 17:37 | Farm |
| 17:39 | Farm |
| 18:44 | Mortar Team |
| 22:26 | Mortar Team |
| 22:35 | Priest |
| 27:31 | Town Hall |
| 29:03 | Flying Machine |
| 29:21 | Flying Machine |
| 29:21 | Flying Machine |
| 30:02 | Flying Machine |
| 30:02 | Flying Machine |
| 30:29 | Flying Machine |
| 30:30 | Flying Machine |
| 31:18 | Holy Light |
| Right click | 1629 |
| Select group | 1372 |
| Select | 345 |
| Misc. action | 218 |
| Assign group | 188 |
| Build/train/purchase | 167 |
| Use ability | 30 |
| Resource trade | 17 |
| Minimap ping | 4 |
| Esc | 3 |
101 units @ 9.6k
/ 1.3k
127 buildings @ 9.1k
/ 4.4k
GIGA
(207)
(32:20) : 

| Healing Salve | 1 | 100 |
| total: | 1 | 100g |
| Peasant | 14 | 1050 | / | 0 |
| Dragonhawk Rider | 4 | 800 | / | 120 |
| total: | 18 | 1850g | / | 120w |
| Scout Tower | 66 | 1980 | / | 1320 |
| Guard Tower | 14 | 980 | / | 700 |
| Arcane Tower | 7 | 490 | / | 350 |
| Altar of Kings | 1 | 180 | / | 50 |
| Farm | 5 | 400 | / | 100 |
| Lumber Mill | 1 | 120 | / | 0 |
| Arcane Vault | 1 | 130 | / | 30 |
| Blacksmith | 1 | 140 | / | 60 |
| Barracks | 1 | 160 | / | 60 |
| Cannon Tower | 1 | 120 | / | 100 |
| Gryphon Aviary | 1 | 140 | / | 150 |
| Workshop | 1 | 140 | / | 140 |
| Arcane Sanctum | 1 | 150 | / | 140 |
| Keep | 1 | 320 | / | 210 |
| Castle | 1 | 360 | / | 210 |
| total: | 79 | 3540g | / | 2050w |
| 0:03 | Peasant |
| 0:03 | Peasant |
| 0:10 | Altar of Kings |
| 0:13 | Farm |
| 0:14 | Farm |
| 0:28 | Peasant |
| 0:39 | Peasant |
| 0:52 | Lumber Mill |
| 0:53 | Peasant |
| 1:06 | Peasant |
| 1:15 | Peasant |
| 1:32 | Farm |
| 1:38 | Peasant |
| 1:39 | Peasant |
| 1:44 | Improved Lumber Harvesting |
| 2:15 | Storm Bolt |
| 2:56 | Peasant |
| 2:57 | Peasant |
| 2:57 | Peasant |
| 2:59 | Scout Tower |
| 3:00 | Scout Tower |
| 3:02 | Peasant |
| 3:11 | Scout Tower |
| 3:13 | Scout Tower |
| 3:14 | Scout Tower |
| 3:15 | Scout Tower |
| 3:15 | Scout Tower |
| 3:16 | Scout Tower |
| 3:17 | Scout Tower |
| 3:18 | Scout Tower |
| 3:18 | Scout Tower |
| 3:21 | Improved Masonry |
| 3:23 | Peasant |
| 3:35 | Scout Tower |
| 3:36 | Scout Tower |
| 3:37 | Guard Tower |
| 3:48 | Guard Tower |
| 4:09 | Guard Tower |
| 4:14 | Scout Tower |
| 4:15 | Scout Tower |
| 4:16 | Scout Tower |
| 4:17 | Scout Tower |
| 4:17 | Scout Tower |
| 4:18 | Scout Tower |
| 4:18 | Scout Tower |
| 4:19 | Scout Tower |
| 4:21 | Scout Tower |
| 4:21 | Scout Tower |
| 4:22 | Scout Tower |
| 4:23 | Scout Tower |
| 4:23 | Scout Tower |
| 4:41 | Keep |
| 5:05 | Guard Tower |
| 5:09 | Guard Tower |
| 5:13 | Scout Tower |
| 5:14 | Scout Tower |
| 5:17 | Scout Tower |
| 5:18 | Scout Tower |
| 5:19 | Scout Tower |
| 5:20 | Scout Tower |
| 5:23 | Scout Tower |
| 5:24 | Scout Tower |
| 5:25 | Scout Tower |
| 5:27 | Arcane Tower |
| 5:32 | Arcane Tower |
| 5:39 | Healing Salve |
| 6:14 | Arcane Tower |
| 6:16 | Arcane Tower |
| 6:17 | Guard Tower |
| 6:23 | Guard Tower |
| 6:43 | Arcane Tower |
| 6:56 | Guard Tower |
| 7:06 | Bash |
| 7:07 | Bash |
| 7:22 | Castle |
| 7:24 | Guard Tower |
| 7:30 | Advanced Masonry |
| 7:34 | Guard Tower |
| 7:46 | Scout Tower |
| 7:48 | Scout Tower |
| 7:49 | Scout Tower |
| 7:49 | Scout Tower |
| 7:50 | Scout Tower |
| 8:09 | Gryphon Aviary |
| 8:12 | Arcane Vault |
| 8:20 | Holy Light |
| 8:38 | Arcane Tower |
| 8:56 | Guard Tower |
| 9:04 | Blacksmith |
| 9:57 | Cloud |
| 9:57 | Dragonhawk Rider |
| 9:58 | Dragonhawk Rider |
| 9:59 | Dragonhawk Rider |
| 10:03 | Barracks |
| 10:27 | Guard Tower |
| 10:31 | Guard Tower |
| 10:46 | Scout Tower |
| 10:47 | Scout Tower |
| 10:47 | Scout Tower |
| 10:48 | Scout Tower |
| 10:49 | Scout Tower |
| 10:52 | Scout Tower |
| 11:05 | Farm |
| 11:08 | Farm |
| 11:10 | Workshop |
| 11:15 | Imbued Masonry |
| 12:01 | Dragonhawk Rider |
| 12:04 | Animal War Training |
| 12:10 | Studded Leather Armor |
| 13:09 | Cannon Tower |
| 13:11 | Arcane Tower |
| 14:01 | Reinforced Leather Armor |
| 14:08 | Guard Tower |
| 15:03 | Arcane Sanctum |
| 15:24 | Storm Bolt |
| 15:26 | Divine Shield |
| 31:55 | Scout Tower |
| 31:57 | Scout Tower |
| 31:57 | Scout Tower |
| 31:58 | Scout Tower |
| 31:58 | Scout Tower |
| 31:59 | Scout Tower |
| 31:59 | Scout Tower |
| 32:00 | Scout Tower |
| 32:02 | Scout Tower |
| 32:03 | Scout Tower |
| 32:04 | Scout Tower |
| 32:08 | Scout Tower |
| 32:10 | Scout Tower |
| 32:11 | Scout Tower |
| 32:12 | Scout Tower |
| 32:13 | Scout Tower |
| 32:14 | Scout Tower |
| 32:15 | Scout Tower |
| 32:16 | Scout Tower |
| 32:17 | Scout Tower |
| Right click | 2061 |
| Select group | 795 |
| Select | 382 |
| Resource trade | 72 |
| Build/train/purchase | 69 |
| Misc. action | 29 |
| Use ability | 29 |
| Assign group | 17 |
| Minimap ping | 2 |
| Remove unit | 1 |
| Esc | 1 |



| Peasant | 18 | 1350 | / | 0 |
| Flying Machine | 26 | 2600 | / | 780 |
| Mortar Team | 2 | 360 | / | 140 |
| total: | 46 | 4310g | / | 920w |
| Scout Tower | 8 | 240 | / | 160 |
| Guard Tower | 5 | 350 | / | 250 |
| Arcane Tower | 2 | 140 | / | 100 |
| Altar of Kings | 2 | 360 | / | 100 |
| Lumber Mill | 1 | 120 | / | 0 |
| Farm | 16 | 1280 | / | 320 |
| Town Hall | 1 | 385 | / | 205 |
| Blacksmith | 1 | 140 | / | 60 |
| Workshop | 3 | 420 | / | 420 |
| Keep | 1 | 320 | / | 210 |
| Castle | 1 | 360 | / | 210 |
| total: | 32 | 2945g | / | 1265w |
| 0:03 | Peasant |
| 0:08 | Altar of Kings |
| 0:10 | Peasant |
| 0:21 | Lumber Mill |
| 0:23 | Peasant |
| 0:34 | Farm |
| 0:35 | Peasant |
| 0:50 | Farm |
| 0:52 | Peasant |
| 1:05 | Peasant |
| 1:16 | Peasant |
| 1:32 | Peasant |
| 1:42 | Scout Tower |
| 1:44 | Peasant |
| 2:01 | Peasant |
| 2:10 | Guard Tower |
| 2:12 | Arcane Tower |
| 2:15 | Farm |
| 2:24 | Storm Bolt |
| 2:26 | Peasant |
| 2:31 | Peasant |
| 2:32 | Improved Lumber Harvesting |
| 2:55 | Peasant |
| 3:07 | Town Hall |
| 3:14 | Scout Tower |
| 3:21 | Peasant |
| 4:38 | Improved Masonry |
| 4:59 | Keep |
| 5:03 | Peasant |
| 5:03 | Peasant |
| 5:15 | Peasant |
| 5:21 | Arcane Tower |
| 5:45 | Scout Tower |
| 5:46 | Scout Tower |
| 5:47 | Scout Tower |
| 5:48 | Scout Tower |
| 6:15 | Guard Tower |
| 6:16 | Guard Tower |
| 6:18 | Scout Tower |
| 6:19 | Scout Tower |
| 6:50 | Guard Tower |
| 7:02 | Blacksmith |
| 7:04 | Farm |
| 7:14 | Farm |
| 7:19 | Castle |
| 7:31 | Peasant |
| 8:20 | Guard Tower |
| 8:25 | Holy Light |
| 8:34 | Black Gunpowder |
| 8:49 | Workshop |
| 8:50 | Workshop |
| 8:51 | Workshop |
| 9:02 | Farm |
| 9:21 | Advanced Lumber Harvesting |
| 9:21 | Advanced Masonry |
| 10:11 | Fragmentation Shards |
| 10:12 | Flare |
| 10:28 | Flak Cannons |
| 10:34 | Flying Machine Bombs |
| 10:57 | Farm |
| 10:59 | Farm |
| 11:00 | Farm |
| 11:00 | Farm |
| 11:01 | Farm |
| 11:30 | Flying Machine |
| 11:30 | Flying Machine |
| 11:30 | Flying Machine |
| 11:44 | Flying Machine |
| 11:48 | Flying Machine |
| 12:01 | Refined Gunpowder |
| 12:03 | Flying Machine |
| 12:03 | Flying Machine |
| 12:13 | Flying Machine |
| 12:13 | Flying Machine |
| 13:38 | Flying Machine |
| 13:38 | Flying Machine |
| 13:45 | Flying Machine |
| 13:58 | Flying Machine |
| 13:58 | Flying Machine |
| 13:58 | Flying Machine |
| 13:58 | Flying Machine |
| 13:59 | Flying Machine |
| 14:13 | Farm |
| 14:15 | Farm |
| 14:25 | Farm |
| 14:26 | Farm |
| 14:55 | Imbued Gunpowder |
| 15:06 | Mortar Team |
| 16:11 | Divine Shield |
| 16:53 | Iron Plating |
| 17:02 | Flying Machine |
| 17:02 | Flying Machine |
| 17:08 | Storm Bolt |
| 18:46 | Steel Plating |
| 19:22 | Mortar Team |
| 19:50 | Altar of Kings |
| 19:52 | Farm |
| 23:10 | Brilliance Aura |
| 23:33 | Flying Machine |
| 24:52 | Holy Light |
| 25:18 | Holy Light |
| 31:32 | Flying Machine |
| 31:33 | Flying Machine |
| 31:33 | Flying Machine |
| 31:33 | Flying Machine |
| 31:33 | Flying Machine |
| 31:33 | Flying Machine |
| Right click | 1521 |
| Select group | 417 |
| Select | 261 |
| Build/train/purchase | 189 |
| Use ability | 68 |
| Misc. action | 28 |
| Resource trade | 17 |
| Assign group | 8 |
| Minimap ping | 5 |
| Esc | 1 |
Cabeelibob
(194)
(32:19) : 
| Lesser Clarity Potion | 6 | 420 |
| Healing Salve | 1 | 100 |
| Orb of Lightning | 1 | 375 |
| Tiny Great Hall | 3 | 1800 |
| Potion of Mana | 2 | 400 |
| Boots of Speed | 1 | 250 |
| Staff of Teleportation | 1 | 150 |
| Gloves of Haste | 1 | 125 |
| Talisman of Evasion | 1 | 300 |
| Claws of Attack +6 | 1 | 125 |
| total: | 18 | 4045g |
| Peon | 29 | 2175 | / | 0 |
| Troll Batrider | 4 | 640 | / | 160 |
| Troll Witch Doctor | 4 | 580 | / | 100 |
| total: | 37 | 3395g | / | 260w |
| Watch Tower | 4 | 440 | / | 320 |
| Altar of Storms | 2 | 360 | / | 100 |
| Orc Burrow | 3 | 480 | / | 120 |
| War Mill | 2 | 410 | / | 0 |
| Voodoo Lounge | 2 | 260 | / | 60 |
| Great Hall | 1 | 385 | / | 185 |
| Spirit Lodge | 1 | 150 | / | 150 |
| Beastiary | 1 | 145 | / | 140 |
| Stronghold | 1 | 315 | / | 190 |
| Fortress | 1 | 325 | / | 190 |
| total: | 16 | 2630g | / | 1075w |
| 0:03 | Altar of Storms |
| 0:05 | Peon |
| 0:05 | Peon |
| 0:09 | Orc Burrow |
| 0:34 | Peon |
| 0:48 | Peon |
| 0:54 | War Mill |
| 1:01 | Peon |
| 1:07 | Peon |
| 1:07 | Peon |
| 1:33 | Peon |
| 1:47 | Peon |
| 1:49 | Orc Burrow |
| 1:52 | Voodoo Lounge |
| 2:03 | Peon |
| 2:07 | Wind Walk |
| 2:20 | Peon |
| 2:48 | Great Hall |
| 3:23 | Watch Tower |
| 5:36 | Watch Tower |
| 6:01 | Boots of Speed |
| 6:17 | Critical Strike |
| 6:19 | Watch Tower |
| 6:24 | Spiked Barricades |
| 6:27 | Lesser Clarity Potion |
| 6:29 | Healing Salve |
| 6:59 | Watch Tower |
| 7:03 | Stronghold |
| 7:06 | Voodoo Lounge |
| 8:29 | Orc Burrow |
| 9:27 | Fortress |
| 9:31 | Spirit Lodge |
| 9:36 | Staff of Teleportation |
| 10:02 | Gloves of Haste |
| 10:12 | Talisman of Evasion |
| 10:28 | Reinforced Defenses |
| 10:55 | Beastiary |
| 11:29 | Claws of Attack +6 |
| 11:51 | Orb of Lightning |
| 12:11 | Lesser Clarity Potion |
| 13:04 | Wind Walk |
| 13:47 | Lesser Clarity Potion |
| 14:36 | Witch Doctor Adept Training |
| 15:41 | Altar of Storms |
| 16:37 | War Mill |
| 18:03 | Peon |
| 18:16 | Witch Doctor Master Training |
| 18:29 | Lesser Clarity Potion |
| 18:38 | Tiny Great Hall |
| 19:15 | Troll Batrider |
| 19:30 | Troll Witch Doctor |
| 19:30 | Troll Witch Doctor |
| 19:30 | Troll Witch Doctor |
| 19:32 | Troll Witch Doctor |
| 20:07 | Peon |
| 20:07 | Peon |
| 20:07 | Peon |
| 20:07 | Peon |
| 20:07 | Peon |
| 20:07 | Peon |
| 20:33 | Critical Strike |
| 20:55 | Tiny Great Hall |
| 21:06 | Potion of Mana |
| 21:08 | Lesser Clarity Potion |
| 23:29 | Potion of Mana |
| 23:31 | Lesser Clarity Potion |
| 24:32 | Peon |
| 24:33 | Peon |
| 24:33 | Peon |
| 24:33 | Peon |
| 24:33 | Peon |
| 24:33 | Peon |
| 28:15 | Tiny Great Hall |
| 29:18 | Critical Strike |
| 29:57 | Peon |
| 29:57 | Peon |
| 29:57 | Peon |
| 29:58 | Peon |
| 29:58 | Peon |
| 30:34 | Troll Batrider |
| 30:35 | Troll Batrider |
| 30:35 | Troll Batrider |
| 32:03 | Bladestorm |
| Right click | 949 |
| Select | 238 |
| Select group | 128 |
| Build/train/purchase | 116 |
| Misc. action | 108 |
| Resource trade | 70 |
| Use ability | 20 |
| Item give/drop | 12 |
| Remove unit | 8 |
| Minimap ping | 2 |
| Assign group | 1 |
| Esc | 1 |
⇛